Map: Old Republic LE

Players

subzer

  • Race: Terran Terran
  • League: Diamond
  • Spawn Location: 7:00

HoldTheDoor - Winner!

  • Race: Protoss Protoss
  • League: Diamond
  • Spawn Location: 1:00

VOD

Have the link to the VOD?

Description

Time

  • Played on: May 11, 2026, 11:25 a.m.
  • Length: 17:56
Show
View Real Time Build Order
Export as new Build Order

subzer Terran 

Build Orders:  

Get SALT Encoding   

  12  0:02  SCV  
  13  0:14  SCV  
  13  0:17  Supply Depot  
  14  0:26  SCV  
  15  0:39  SCV  
  15  0:40  Barracks  
  16  0:49  Refinery  
  16  0:51  SCV  
  17  1:03  SCV  
  18  1:15  SCV  
  19  1:32  Orbital Command  
  20  1:35  Barracks  
  20  1:39  Supply Depot  
  19  1:42  Barracks Tech Lab  
  19  1:59  SCV  
  20  2:03  Concussive Shells  
  20  2:05  Marauder  
  22  2:11  SCV  
  23  2:24  Barracks Reactor  
  23  2:28  Marauder  
  25  2:35  SCV  
  25  2:36  Supply Depot  
  26  2:43  Command Center  
  26  2:49  Marauder  
  28  3:00  SCV  
  28  3:01  Marine  
  28  3:02  Marine  
  31  3:11  Marauder  
  31  3:12  Barracks  
  33  3:19  Marine x2  
  34  3:20  Engineering Bay  
  34  3:22  Refinery  
  34  3:24  SCV  
  36  3:29  Combat Shield  
  36  3:37  SCV  
  37  3:42  Marauder  
  39  3:54  Marine x2  
  41  4:00  Barracks Reactor  
  36  4:27  Marauder, Marine x2  
  36  4:29  Orbital Command  
  36  4:30  SCV  
  41  4:37  Factory  
  41  4:38  Marine  
  41  4:39  Marine  
  41  4:42  SCV  
  41  4:44  Terran Infantry Weapons Level 1  
  41  4:45  Marine x2  
  46  4:51  Missile Turret  
  46  4:54  SCV  
  46  4:55  SCV  
  46  4:59  Missile Turret  
  48  5:04  Marauder  
  48  5:06  SCV, Stimpack  
  51  5:10  SCV  
  52  5:14  Marine  
  52  5:15  Marine  
  54  5:26  Supply Depot x2  
  54  5:34  Starport  
  54  5:37  Factory Reactor  
  54  5:44  Refinery  
  54  5:47  Marine x4, SCV x2, Marauder  
  62  5:50  Supply Depot  
  62  5:52  Supply Depot  
  62  5:59  SCV x2  
  64  6:04  Barracks  
  64  6:11  SCV x2  
  66  6:22  Refinery  
  66  6:23  Supply Depot, SCV x2  
  68  6:33  Medivac x2  
  68  6:35  Widow Mine  
  68  6:36  SCV x2  
  68  6:37  Marauder, Marine x3  
  68  6:38  Marine  
  82  6:42  Ghost Academy  
  82  6:50  SCV x2  
  82  6:53  Terran Infantry Armor Level 1  
  84  7:01  Barracks Tech Lab  
  84  7:02  SCV x2  
  86  7:10  Widow Mine, Medivac x2  
  86  7:13  Marine x2  
  94  7:22  Supply Depot  
  94  7:24  Supply Depot, Ghost, Marine  
  94  7:26  Ghost  
  94  7:27  Marine  
  100  7:43  Widow Mine  
  102  7:44  Medivac  
  102  7:45  Marine x4  
  108  7:53  Supply Depot, Marine  
  108  7:55  Marine  
  110  8:03  Marine x2  
  112  8:08  Marine x2  
  112  8:11  Ghost, Widow Mine  
  118  8:15  Marauder  
  120  8:21  Marine x2  
  120  8:25  Marine  
  120  8:26  Marine  
  122  8:35  Marine  
  122  8:38  Marine  
  102  8:58  Marauder x2, Marine x4  
  102  9:00  Widow Mine  
  102  9:01  Medivac x2  
  116  9:16  Marine x4  
  120  9:19  Marauder x2  
  122  9:33  Marine  
  122  9:34  Marine x3  
  124  9:40  Marauder  
  125  9:48  Supply Depot  
  125  9:50  Supply Depot  
  125  9:51  Marine  
  126  9:53  Supply Depot  
  126  9:55  Supply Depot  
  126  10:00  Armory, Engineering Bay  
  126  10:03  Command Center  
  126  10:09  Barracks, Marine x5  
  126  10:10  Marauder  
  133  10:15  Barracks  
  133  10:27  Marine  
  133  10:28  Marauder  
  136  10:31  SCV x2, Marine  
  136  10:34  Sensor Tower, Missile Turret x2  
  139  10:38  Missile Turret, Starport  
  139  10:43  SCV x2  
  139  10:49  Terran Infantry Weapons Level 2, Marauder  
  143  10:54  Terran Infantry Armor Level 2  
  143  10:55  SCV  
  143  11:08  Barracks Tech Lab x2  
  143  11:15  Sensor Tower  
  143  11:16  Planetary Fortress  
  137  11:30  Missile Turret  
  78  11:54  Ghost x3  
  78  11:55  Marauder  
  78  11:56  Marine x3  
  78  11:57  Marine  
  78  12:00  Medivac x2  
  94  12:03  Starport Reactor  
  94  12:13  Sensor Tower  
  94  12:14  Marine x4  
  98  12:16  SCV  
  98  12:17  Marauder  
  98  12:20  Refinery, SCV  
  98  12:21  SCV  
  103  12:23  Marauder x3  
  103  12:28  SCV  
  110  12:32  Marine x2, SCV  
  110  12:33  SCV  
  114  12:38  Marauder  
  114  12:41  SCV  
  114  12:43  Marine x2  
  119  12:44  SCV, Marine, Marauder  
  119  12:45  Refinery, Marauder  
  125  13:00  Terran Ship Weapons Level 1  
  125  13:04  Marauder, Marine  
  125  13:05  Marauder, Marine  
  131  13:07  Marine x3  
  131  13:08  Marine  
  131  13:10  Widow Mine  
  131  13:11  Viking x3  
  143  13:15  Viking  
  145  13:27  Command Center  
  145  13:31  Ghost  
  145  13:33  Marauder  
  149  13:35  SCV x2  
  151  13:48  Viking x3  
  155  13:49  Sensor Tower  
  155  13:50  Viking  
  159  14:11  SCV x2  
  159  14:12  SCV  
  159  14:15  Terran Infantry Weapons Level 3  
  159  14:16  Sensor Tower, Terran Infantry Armor Level 3  
  162  14:17  Missile Turret  
  162  14:23  SCV  
  163  14:25  Viking x2  
  163  14:27  Viking  
  169  14:32  Supply Depot  
  169  14:37  Missile Turret  
  169  14:38  Refinery  
  169  14:49  Viking  
  169  14:52  Widow Mine  
  173  14:54  Marine  
  173  14:55  Marine x5, Viking  
  173  14:57  Marauder x2  
  185  15:00  Refinery  
  185  15:12  Marine  
  186  15:29  Barracks  
  186  15:32  Barracks  
  186  15:34  Barracks  
  80  16:24  Marauder  
  80  16:25  Marauder x3  
  65  16:46  Marauder x4, Marine x2  
  65  16:47  Marine x2  
  71  17:04  Marine x3  
  71  17:05  Marine  
  65  17:07  Marauder x2  
  65  17:08  Marauder x2  
  65  17:22  Marine  
  65  17:29  Marauder x3  
Show
View Real Time Build Order
Export as new Build Order

HoldTheDoor Protoss - Winner!

Build Orders: 1 Gate Expand 

Get SALT Encoding   

  12  0:00  Probe  
  13  0:12  Probe  
  14  0:19  Pylon  
  14  0:24  Probe  
  15  0:33  Probe  
  15  0:41  Gateway, Probe  
  16  0:48  Assimilator  
  17  0:52  Probe  
  18  1:06  Probe  
  18  1:10  Pylon  
  20  1:18  Probe  
  20  1:30  Probe  
  21  1:40  Nexus  
  21  1:42  Probe  
  21  1:43  Cybernetics Core  
  22  1:50  Pylon  
  22  1:55  Probe, Assimilator  
  23  2:06  Pylon  
  23  2:08  Probe  
  23  2:09  Adept  
  24  2:20  Warp Gate, Probe  
  27  2:26  Shield Battery  
  27  2:33  Probe  
  28  2:42  Sentry  
  30  2:45  Probe  
  30  2:46  Pylon  
  31  2:52  Gateway  
  31  2:57  Probe  
  32  3:00  Gateway  
  32  3:08  Probe  
  32  3:09  Probe  
  34  3:15  Stalker  
  36  3:20  Probe  
  36  3:21  Probe  
  38  3:27  Robotics Facility  
  38  3:32  Probe  
  39  3:34  Probe  
  40  3:44  Probe  
  40  3:45  Shield Battery  
  40  3:48  Pylon  
  41  4:02  Shield Battery  
  41  4:04  Probe  
  41  4:06  Probe  
  43  4:15  Stalker x2  
  43  4:16  Stalker, Probe  
  48  4:27  Probe  
  48  4:28  Probe  
  50  4:34  Immortal  
  54  4:39  Probe  
  54  4:40  Assimilator, Probe  
  56  4:46  Assimilator  
  56  4:47  Robotics Bay  
  56  4:48  Pylon  
  56  4:50  Twilight Council  
  56  4:53  Probe  
  56  4:54  Probe  
  56  4:59  Zealot x3  
  64  5:05  Probe  
  65  5:07  Gateway  
  65  5:12  Pylon  
  65  5:13  Observer  
  66  5:14  Probe  
  66  5:19  Probe  
  68  5:27  Nexus  
  68  5:31  Pylon  
  68  5:37  Charge  
  68  5:38  Stalker  
  68  5:39  Stalker  
  68  5:41  Stalker  
  74  5:44  Probe  
  74  5:46  Probe  
  76  6:05  Zealot x4  
  76  6:09  Colossus  
  90  6:16  Pylon  
  90  6:25  Forge  
  90  6:27  Forge  
  90  6:30  Extended Thermal Lance  
  90  6:31  Pylon  
  90  6:32  Probe  
  91  6:37  Probe  
  91  6:38  Pylon  
  91  6:39  Probe  
  93  6:42  Sentry x2  
  93  6:46  Zealot  
  99  6:47  Zealot  
  99  6:53  Probe  
  102  6:59  Assimilator  
  102  7:00  Pylon  
  102  7:01  Protoss Ground Weapons Level 1, Probe  
  102  7:02  Protoss Ground Armor Level 1, Photon Cannon  
  102  7:04  Probe  
  104  7:09  Templar Archives  
  104  7:13  Assimilator  
  104  7:16  Colossus  
  110  7:32  Stargate  
  110  7:35  Gateway  
  110  7:36  Gateway  
  110  7:41  Probe x2, Pylon  
  112  7:47  Photon Cannon  
  112  7:49  Probe  
  113  7:51  Psionic Storm  
  113  7:53  Probe  
  113  7:56  Probe  
  115  8:01  Probe  
  115  8:03  Photon Cannon  
  116  8:06  Probe  
  116  8:08  Probe  
  118  8:15  Zealot x4  
  118  8:16  Probe  
  118  8:18  Probe  
  129  8:27  Probe  
  97  8:51  Zealot  
  97  8:52  Zealot x5  
  97  8:55  Colossus  
  109  9:00  Phoenix  
  117  9:11  Gateway  
  117  9:13  Gateway  
  117  9:15  Zealot x5  
  123  9:21  Pylon  
  123  9:24  Pylon  
  121  9:25  Phoenix  
  121  9:27  Stalker  
  118  9:42  Probe x3  
  121  9:53  Photon Cannon  
  121  9:54  Probe  
  121  9:55  Photon Cannon x2  
  121  9:57  Photon Cannon  
  122  10:00  Pylon  
  122  10:01  Pylon  
  122  10:03  Protoss Ground Weapons Level 2  
  122  10:04  Protoss Ground Armor Level 2  
  122  10:13  Photon Cannon, Stalker x2  
  122  10:14  Stalker x2  
  130  10:15  Photon Cannon  
  130  10:17  Photon Cannon  
  130  10:19  Shield Battery  
  130  10:21  Phoenix, Warp Prism  
  132  10:23  Shield Battery  
  134  10:42  Pylon  
  134  10:45  Photon Cannon x2  
  134  11:09  Phoenix  
  82  11:51  Zealot  
  82  11:52  Zealot x7  
  98  11:57  Pylon  
  98  12:00  Gateway  
  98  12:01  Probe, Gateway  
  99  12:04  Immortal  
  99  12:05  Gateway  
  103  12:09  Gateway  
  103  12:11  Fleet Beacon  
  103  12:14  Robotics Facility  
  103  12:15  Robotics Facility  
  103  12:17  Robotics Facility  
  103  12:18  Pylon  
  103  12:28  Pylon  
  103  12:32  Nexus  
  103  12:34  Pylon  
  103  12:37  Pylon  
  103  12:41  Templar Archives  
  103  12:42  Photon Cannon  
  103  12:43  Observer  
  104  12:45  Photon Cannon  
  104  12:47  Pylon  
  104  12:49  Pylon  
  110  12:58  Carrier  
  110  13:01  Immortal  
  110  13:02  Immortal  
  110  13:04  Immortal  
  122  13:10  Immortal  
  126  13:17  High Templar  
  126  13:18  High Templar x3  
  126  13:19  High Templar x3  
  140  13:24  High Templar  
  140  13:26  High Templar x4  
  150  13:30  Archon x3  
  150  13:31  Archon  
  150  13:39  Photon Cannon x2  
  150  13:41  Photon Cannon  
  150  13:44  Shield Battery  
  150  13:46  Pylon  
  150  13:48  Shield Battery  
  150  13:54  Photon Cannon  
  150  13:59  Probe x3  
  150  14:00  Probe  
  154  14:04  High Templar x3  
  154  14:05  High Templar x3  
  154  14:06  High Templar  
  154  14:08  High Templar  
  154  14:09  High Templar  
  172  14:11  High Templar  
  172  14:13  Archon x3  
  172  14:14  Archon  
  172  14:15  Archon  
  172  14:17  Zealot x2  
  178  14:27  Pylon  
  178  14:33  Assimilator  
  178  14:36  Protoss Ground Weapons Level 3, Pylon  
  178  14:37  Photon Cannon  
  178  14:39  Photon Cannon  
  178  14:40  Protoss Ground Armor Level 3  
  178  14:41  Pylon  
  178  14:54  Observer  
  178  14:59  Immortal  
  183  15:07  Warp Prism  
  183  15:13  Assimilator  
  185  15:23  Photon Cannon  
  185  15:24  Photon Cannon  
  185  15:28  Photon Cannon  
  122  16:05  Carrier  
  122  16:07  Immortal x4  
  120  16:26  Stalker x4  
  120  16:27  Stalker  
  123  16:50  Immortal x3  
Tags
 
Add a new tag
Caveats
  • Supply blocks, unpowered buildings, or Contaminate may cause inaccurate times.
  • Supply counts are checked every 10 seconds.